 Dungeon Crawl Stone Soup version 0.20.1-1-g8b1a95d (webtiles) character file.

80 slep the Slasher (level 4, -2/34 HPs)
             Began as a Demonspawn Gladiator on Oct 23, 2017.
             Slain by Ijyb (3 damage)
             ... on level 3 of the Dungeon.
             The game lasted 00:07:56 (1527 turns).

slep the Slasher (Demonspawn Gladiator)             Turns: 1527, Time: 00:07:56

Health: -2/34      AC:  4    Str: 14    XL:     4   Next: 18%
Magic:  4/4        EV: 13    Int:  9    God:
Gold:   39         SH:  6    Dex: 16    Spells: 3/3 levels left

rFire    . . .     SeeInvis .   a - +0 long sword
rCold    . . .     Gourm    .   (no shield)
rNeg     . . .     Faith    .   b - +0 leather armour
rPois    .         Spirit   .   c - +0 helmet
rElec    .         Reflect  .   (no cloak)
rCorr    .         Harm     .   (no gloves)
MR       .....                  (no boots)
Stlth    +++.......             (no amulet)
Regen    0.2/turn               l - ring of stealth
MPRegen  0.1/turn               (no ring)

@: hasted, very quick
A: large bone plates 2
a: no special abilities


You were on level 3 of the Dungeon.
You were not hungry.

You visited 1 branch of the dungeon, and saw 3 of its levels.

You collected 39 gold pieces.

Inventory:

Hand Weapons
 a - a +0 long sword (weapon)
Missiles
 d - 3 throwing nets (quivered)
Armour
 b - a +0 leather armour (worn)
 c - a +0 helmet (worn)
Jewellery
 l - a ring of stealth (left hand)
Scrolls
 g - 5 scrolls of identify {unknown}
 h - 2 scrolls of teleportation {unknown}
 j - a scroll of magic mapping {unknown}
 n - a scroll of remove curse {unknown}
 o - a scroll of fog {unknown}
 q - a scroll of immolation {unknown}
Potions
 e - a potion of haste
 i - a potion of flight
Comestibles
 f - a bread ration
 k - 3 meat rations
 m - a royal jelly
 p - a chunk of flesh


   Skills:
 + Level 2.4 Fighting
 + Level 3.6 Long Blades
 + Level 1.8 Throwing
 + Level 0.6 Armour
 + Level 3.2 Dodging
 + Level 0.8 Stealth


You had 3 spell levels left.
You didn't know any spells.

Dungeon Overview and Level Annotations

Branches:
Dungeon (3/15)

Altars:
Ashenzari
Qazlal
Zin

Annotations:
D:3 Ijyb


Innate Abilities, Weirdness & Mutations

You are mostly covered in large bone plates. (SH +6)


Message History

Ijyb is moderately wounded.
You hit Ijyb but do no damage.
Ijyb is moderately wounded.
You block Ijyb's attack.
You slash Ijyb!
Ijyb is severely wounded.
Ijyb zaps a wand.
You are blasted!
Ouch! That really hurt!
* * * LOW HITPOINT WARNING * * *
You hit Ijyb.
Ijyb is severely wounded.
Ijyb misses you.
You hit Ijyb.
Ijyb is almost dead.
Ijyb hits you.
* * * LOW HITPOINT WARNING * * *
You barely miss Ijyb.
Ijyb is almost dead.
Ijyb hits you.
You die...

##.## #.# ...(.. #.#
#.#.. ##†## #....
##...## ....##
##.....## #####....
##.......##
#.......####.........#
#.......'..>......+
##..@####.........#
##g.# ##.......##
#...# ##.....## #.#!#
##...## ....# #+##
##.### #


You could see Ijyb.

Vanquished Creatures
  3 adders (D:2)
  An ooze (D:2)
  4 dart slugs
  2 leopard geckos
  2 giant cockroaches
  3 goblins (D:1)
  9 hobgoblins
  A ball python (D:2)
  5 bats
  2 frilled lizards
  3 kobolds
  6 rats
41 creatures vanquished.

Notes
Turn   | Place    | Note
-------+----------+-------------------------------------------
     0 | D:1      | slep the Demonspawn Gladiator began the quest for the Orb.
     0 | D:1      | Reached XP level 1. HP: 16/16 MP: 1/1
   194 | D:1      | Found a shattered altar of Ashenzari.
   425 | D:1      | Gained mutation: You are partially covered in large bone plates. (SH +4) [demonic ancestry]
   425 | D:1      | Reached XP level 2. HP: 8/22 MP: 2/2
   834 | D:2      | Found a glowing silver altar of Zin.
   834 | D:2      | Found a stormy altar of Qazlal.
   887 | D:2      | Reached XP level 3. HP: 27/27 MP: 3/3
  1277 | D:2      | Gained mutation: You are mostly covered in large bone plates. (SH +6) [demonic ancestry]
  1277 | D:2      | Reached XP level 4. HP: 24/34 MP: 4/4
  1507 | D:3      | Noticed Ijyb
  1526 | D:3      | HP: 1/34 [Ijyb (2)]
  1527 | D:3      | Slain by Ijyb

Skill      XL: |  1  2  3 |
---------------+----------+-----
Long Blades    | 3 |  3.6
Dodging        | 3 |  3.2
Fighting       | |  2.4
Throwing       | |  1.8
Armour         | |  0.6
Stealth        | |  0.8

Action                   |  1- 3 |  4- 6 || total
-------------------------+-------+-------++-------
Melee: Long sword        |    94 |    33 ||   127
  Use: Potion            |     4 |     3 ||     7
 Stab: Sleeping          |     4 |     1 ||     5
  Eat: Chunk             |     1 |     1 ||     2
Armor: Leather armour    |    22 |     3 ||    25
Dodge: Dodged            |    66 |    15 ||    81
Block: Other             |     4 |     6 ||    10
       Rpst.: Long sword |    19 |     4 ||    23
